 Dungeon Crawl Stone Soup version 0.22-a0-514-g96ba041d05 (webtiles) character file.

274 Niddhogr the Sneak (level 6, 0/47 HPs)
             Began as a Formicid Fighter on June 19, 2018.
             Slain by Crazy Yiuf
             ... wielding a +3 quarterstaff of chaos
              (16 damage)
             ... on level 3 of the Dungeon.
             The game lasted 00:03:33 (2487 turns).

Niddhogr the Sneak (Formicid Fighter)               Turns: 2487, Time: 00:03:33

Health: 0/47       AC:  6    Str: 20    XL:     6   Next: 49%
Magic:  6/6        EV:  7    Int:  8    God:
Gold:   176        SH:  9    Dex: 12    Spells: 5/5 levels left

rFire    . . .     SeeInvis +   a - +0 trident
rCold    . . .     Gourm    .   c - +0 shield
rNeg     . . .     Faith    .   b - +0 scale mail
rPois    .         Spirit   .   (helmet unavailable)
rElec    .         Reflect  .   (no cloak)
rCorr    .         Harm     .   (no gloves)
MR       .....                  (no boots)
Stlth    ++........             (no amulet)
HPRegen  0.15/turn              (no ring)
MPRegen  0.10/turn              (no ring)

@: lethally poisoned (0 -> -5)
A: permanent stasis, dig shafts and tunnels, four strong arms, antennae 3
a: Dig, Shaft Self


You were on level 3 of the Dungeon.
You were hungry.

You visited 1 branch of the dungeon, and saw 3 of its levels.

You collected 176 gold pieces.

Inventory:

Hand Weapons
 a - a +0 trident (weapon)
Armour
 b - a +0 scale mail (worn)
 c - a +0 shield (worn)
Wands
 l - a wand of acid (7)
 q - a wand of iceblast (11)
Scrolls
 g - a scroll of magic mapping {unknown}
 h - 2 scrolls of remove curse
 i - a scroll of teleportation {unknown}
 j - a scroll of amnesia {unknown}
 k - a scroll of enchant weapon {unknown}
 m - a scroll of fear {unknown}
 n - a scroll of immolation {unknown}
Potions
 d - 3 potions of might
 e - a potion of berserk rage {unknown}
 p - 2 potions of curing {unknown}
 r - a potion of heal wounds {unknown}
 s - a potion of lignification {unknown}
Comestibles
 f - 5 rations


   Skills:
 - Level 3.2 Fighting
 + Level 4.6 Polearms
 - Level 3.2 Armour
 + Level 5.4 Stealth
 - Level 3.6 Shields


You had 5 spell levels left.
You didn't know any spells.
Your spell library was empty.

Dungeon Overview and Level Annotations

Branches:
Dungeon (3/15)

Altars:
Dithmenos
Makhleb
Xom

Annotations:
D:3 Crazy Yiuf


Innate Abilities, Weirdness & Mutations

You cannot be hasted, slowed, berserked, paralysed or teleported.
You can dig through walls and to a lower floor.
Your four strong arms can wield two-handed weapons with a shield.
You have a pair of large antennae on your head. (SInv)


Message History

You closely miss Crazy Yiuf.
Crazy Yiuf is lightly wounded.
Crazy Yiuf hits you but does no damage.
You puncture Crazy Yiuf!
Crazy Yiuf is heavily wounded.
You feel sick.
Crazy Yiuf says, "Ten arm bush!"
Crazy Yiuf barely misses you.
Crazy Yiuf says, "Ice tea disdain!"
You block Crazy Yiuf's attack.
You feel sick.
Attack whom?
Press: ? - help, Dir - move target cursor, f/p - Crazy Yiuf
Aim: Crazy Yiuf, wielding a quarterstaff of chaos and wearing a cloak (heavily wounded)
You reach to attack!
You hit Crazy Yiuf but do no damage.
Crazy Yiuf is heavily wounded.
You feel sick.
Crazy Yiuf hits you with a quarterstaff of chaos.
Space warps horribly around you!
You die...

#.>...<...'...'...............'.
#........##...#################.
#........................†......
##....###########################
.'....# # ##....## ♣♣♣♣♣## #
#.....# #### ♣♣♣.♣...### #
#...).### #...#♣..♣......## #
#.......# #...g@♣♣♣♣......# #
#.......# #)..#♣♣ ♣♣P.#..######
#.......# #### ♣♣###.......
#.......# ######.. ####....# ##.
##....## #. #......# ###.
#......# #... #...#### #####...


You could see Crazy Yiuf.

Vanquished Creatures
  Sigmund (D:3)
  3 adders
  An ooze (D:2)
  4 worms (D:2)
  A dart slug (D:1)
  A leopard gecko (D:2)
  An orc (D:3)
  11 bats
  4 giant cockroaches
  10 goblins
  7 hobgoblins
  4 jackals (D:2)
  A quokka (D:2)
  2 ball pythons (D:2)
  5 frilled lizards
  7 kobolds
  7 rats
70 creatures vanquished.

Notes
Turn   | Place    | Note
-------+----------+-------------------------------------------
     0 | D:1      | Niddhogr the Formicid Fighter began the quest for the Orb.
     0 | D:1      | Reached XP level 1. HP: 18/18 MP: 1/1
   106 | D:1      | Reached skill level 1 in Stealth
   121 | D:1      | Reached XP level 2. HP: 22/24 MP: 2/2
   215 | D:1      | Reached skill level 2 in Stealth
   314 | D:1      | Reached XP level 3. HP: 29/29 MP: 3/3
   780 | D:2      | Reached XP level 4. HP: 35/35 MP: 4/4
   786 | D:2      | Found a shimmering altar of Xom.
   795 | D:2      | Reached skill level 3 in Stealth
   876 | D:2      | Found a shadowy altar of Dithmenos.
  1918 | D:3      | Found a burning altar of Makhleb.
  1924 | D:3      | Reached XP level 5. HP: 35/41 MP: 5/5
  1955 | D:3      | Found a runed door.
  2125 | D:3      | Reached skill level 4 in Stealth
  2150 | D:3      | Noticed Sigmund
  2163 | D:3      | Killed Sigmund
  2163 | D:3      | Reached skill level 5 in Stealth
  2163 | D:3      | Reached XP level 6. HP: 26/47 MP: 6/6
  2478 | D:3      | Noticed Crazy Yiuf
  2487 | D:3      | Slain by Crazy Yiuf

Vault maps used:
D:1:      nzn_arrival_settlement
D:2:      nicolae_overflow_hidden_temple, brannock_xom_greatest_gift,
          nicolae_dithmenos_shadow_blocks
D:3:      nicolae_overflow_crystal_walls, uniq_crazy_yiuf_cottage, uniq_sigmund

Skill      XL: |  1  2  3  4  5 |
---------------+----------------+-----
Stealth        | 1 2 3 5 |  5.4
Polearms       | 3 4 |  4.6
Fighting       | |  3.2
Armour         | |  3.2
Shields        | |  3.6

Action                   |  1- 3 |  4- 6 || total
-------------------------+-------+-------++-------
Melee: Trident           |   143 |   128 ||   271
  Use: Scroll            |       |     1 ||     1
  Eat: Chunk             |       |     5 ||     5
Armor: Scale mail        |    80 |    36 ||   116
Dodge: Dodged            |    27 |    29 ||    56
Block: Shield            |    50 |    49 ||    99

Table legend:
 A = Spawn XP
 B = Non-spawn XP
 C = Spawn XP percentage of total XP
 D = Spawn monster count
 E = Non-spawn monster count
 F = Spawn count percentage of total count
 G = Total turns spent on level
                    A         B        C        D         E        F      G
               +---------+---------+-------+---------+---------+-------+---------
         Total |       0 |     392 |   0.0 |       0 |      70 |   0.0 |  2487
               +---------+---------+-------+---------+---------+-------+---------
           D:1 |       0 |      44 |   0.0 |       0 |      29 |   0.0 |   686
           D:2 |       0 |      82 |   0.0 |       0 |      29 |   0.0 |  1018
           D:3 |       0 |     266 |   0.0 |       0 |      12 |   0.0 |   783
               +---------+---------+-------+---------+---------+-------+---------
